 Dungeon Crawl Stone Soup version 0.31-a0-221-gbddc013574 (webtiles) character file.

Game seed: 7739931086250703452

12997 Shard1697 the Basher (level 11, -7/107 HPs)
             Began as an Armataur Fighter on July 4, 2023.
             Was a Priest of Makhleb.
             Mangled by an enormous slime creature (68 damage)
             ... on level 11 of the Dungeon.
             The game lasted 00:16:02 (9236 turns).

Shard1697 the Basher (Armataur Fighter)             Turns: 9236, Time: 00:16:03

Health: -7/107     AC: 14    Str: 24    XL:     11   Next: 69%
Magic:  14/14      EV: 13    Int:  8    God:    Makhleb [***...]
Gold:   237        SH:  8    Dex: 12    Spells: 10/10 levels left

rFire   . . .        a - +7 flail (spect)
rCold   . . .        x - +2 buckler
rNeg    . . .        s - +0 swamp dragon scales
rPois   +            m - +0 helmet
rElec   .            t - +2 cloak
rCorr   +            j - +1 pair of gloves
SInv    .            (no barding)
Will    .....        h - amulet of the acrobat
Stlth   +            H - +5 ring of evasion
HPRegen 0.37/turn    B - ring of resist corrosion
MPRegen 0.14/turn

%: acrobat, roll
@: no status effects
A: large, rugged brown scales 3, deformed body, armoured tail, roll, long
tongue, awkward tongue
a: Renounce Religion, Minor Destruction, Lesser Servant of Makhleb


You were on level 11 of the Dungeon.
You worshipped Makhleb.
Makhleb was most pleased with you.
You visited 2 branches of the dungeon, and saw 12 of its levels.

You collected 545 gold pieces.
You spent 308 gold pieces at shops.

Inventory:

Hand Weapons
 a - a +7 spectral flail (weapon)
 b - the +8 dagger of Extinguishment {flame, rPois rF+ Str+3 SInv}
   (You found it on level 3 of the Dungeon)

   Str:       It affects your strength (+3).
   rF:        It protects you from fire.
   rPois:     It protects you from poison.
   SInv:      It lets you see invisible.
 o - a +1 war axe of freezing
Missiles
 i - 13 poisoned darts
 k - a curare-tipped dart
Armour
 j - a +1 pair of gloves (worn)
 m - a +0 helmet (worn)
 s - +0 swamp dragon scales (worn)
 t - a +2 cloak (worn)
 x - a +2 buckler (worn)
Jewellery
 h - an amulet of the acrobat (around neck)
 u - a ring of flight
 B - a ring of resist corrosion (right hand)
 H - a +5 ring of evasion (left hand)
 J - a ring of poison resistance
Wands
 n - a wand of light (7)
 w - a wand of charming (8)
 C - a wand of flame (7)
 F - a wand of polymorph (5)
Scrolls
 l - a scroll of teleportation
 q - a scroll of amnesia
 y - a scroll of vulnerability
 D - a scroll of fear
 E - a scroll of revelation
 G - a scroll of summoning
 I - a scroll of blinking
Potions
 c - a potion of invisibility
 d - 2 potions of might
 e - 3 potions of curing
 f - a potion of lignification
 g - a potion of heal wounds
 p - 2 potions of haste
 r - a potion of brilliance
 v - a potion of enlightenment
 z - a potion of magic
 A - a potion of cancellation


   Skills:
 + Level 10.2 Fighting
 + Level 11.5 Maces & Flails
 - Level 3.6 Armour
 + Level 9.6 Shields
 + Level 5.2 Invocations


You had 10 spell levels left.
You didn't know any spells.
Your spell library contained the following spells:

 Spells                   Type           Power      Damage    Failure   Level
 Magic Dart               Conj           0%         1d3       58%         1
 Searing Ray              Conj           0%         2d4       75%         2
 Inner Flame              Hex/Fire       0%         N/A       92%         3
 Flame Wave               Conj/Fire      0%         2d4       100%        4
 Fulminant Prism          Conj/Hex       0%         3d5       100%        4
 Sticky Flame             Conj/Fire      0%         2d3       100%        4


Dungeon Overview and Level Annotations

Branches:
Dungeon (11/15)            Temple (1/1) D:7            Lair (0/5) D:9
    Orc (0/2) D:9

Altars:
Ashenzari
Cheibriados
Dithmenos
Elyvilon
Fedhas
Gozag
Hepliaklqana
Kikubaaqudgha
Makhleb
Nemelex Xobeh
Okawaru
Qazlal
Ru
Sif Muna
Trog
Uskayaw
Vehumet
Wu Jian
Xom
Yredelemnul
Zin
The Shining One
Lugonu

Shops:
D:2 [   D:8 !

Annotations:
D:11 1 runed translucent door, innerfire43's ghost, journeyman DsMo


Innate Abilities, Weirdness & Mutations

You are completely covered in rugged brown scales. (AC +3, +7% HP)
Armour fits poorly on your strangely shaped body.
You have a long armoured tail.
You roll when moving toward enemies. (Rampage)
Your long tongue fully drains potion bottles. (2x potion effects)
Your tongue gives you trouble enunciating. (1.5x scroll delay)


Message History

You sock the slime creature! You tail-slap the slime creature!
The slime creature is severely wounded.
Your +7 spectral flail completely misses the slime creature.
You hit the slime creature.
The slime creature is severely wounded.
Your +7 spectral flail hits the slime creature!
The slime creature closely misses you.
You sock the slime creature!
You kill the slime creature!
Makhleb accepts your kill.
Your +7 spectral flail disappears.
You sock the very large slime creature!
You tail-slap the very large slime creature!
The very large slime creature is lightly wounded.
Your +7 spectral flail hits the very large slime creature!
The very large slime creature closely misses you.
You bludgeon the very large slime creature!!
The very large slime creature is moderately wounded.
Your +7 spectral flail hits the very large slime creature!
The very large slime creature hits you!
You bludgeon the very large slime creature!!
You tail-slap the very large slime creature.
The very large slime creature is heavily wounded.
Your +7 spectral flail hits the very large slime creature.
You hit the very large slime creature.
You tail-slap the very large slime creature.
The very large slime creature is heavily wounded.
Your +7 spectral flail hits the very large slime creature.
The very large slime creature hits you!!
Two slime creatures merge to form an enormous slime creature.
You barely miss the enormous slime creature.
The enormous slime creature is moderately wounded.
Your +7 spectral flail hits the enormous slime creature!
You hit the enormous slime creature but do no damage.
You tail-slap the enormous slime creature, but do no damage.
The enormous slime creature is moderately wounded.
Your +7 spectral flail hits the enormous slime creature!
The enormous slime creature hits you!!!
Ouch! That really hurt!
You die...

......##
##########..†.#
.....##
##............##
...###
#...#####.....#
.### ##..##
####### ## #..##
#..## #...###
#########
##...(####........
##..@J...........
##########......
..... .J.. ... ..
.


You could see an enormous slime creature and a friendly +7 spectral flail.

Vanquished Creatures
  Gastronok (D:9)
  A two-headed ogre (D:9)
  A tengu warrior (D:11)
  Pikel (D:9)
  A gargoyle (D:10)
  3 kobold demonologists (D:11)
  Maggie (D:7)
  An unseen horror (D:10)
  A komodo dragon (D:9)
  3 trolls
  A hornet (D:10)
  A slime creature (D:11)
  3 shadows
  2 wraiths
  A wyvern (D:7)
  6 yaks (D:9)
  2 steam dragons
  2 vampire mosquitoes (D:11)
  An acid dragon (D:11)
  Duvessa (D:7)
  3 water moccasins
  An ice beast (D:6)
  4 orc warriors
  2 sky beasts (D:8)
  4 black bears
  An ogre (D:5)
  A centaur (D:9)
  3 phantoms
  2 kobold brigands
  A gnoll sergeant (D:5)
  2 scorpions
  7 bullfrogs
  Dowan (D:7)
  13 wights
  2 troll zombies (D:9)
  13 killer bees (D:8)
  3 howler monkeys (D:11)
  2 hounds (D:5)
  4 orc priests
  A gnoll bouda (D:6)
  A jelly (D:4)
  Crazy Yiuf (D:5)
  A sleepcap (D:5)
  5 orc wizards
  3 iguanas
  A statue (D:9)
  6 ogre zombies (D:9)
  15 gnolls
  7 adders
  A shadow imp (D:8)
  2 white imps
  2 worms
  3 dart slugs
  24 orcs
  5 bats
  8 endoplasms
  3 giant cockroaches
  7 goblins
  8 hobgoblins
  10 jackals
  6 quokkas
  6 ball pythons
  3 frilled lizards
  A goblin skeleton (D:9)
  2 goblin zombies (D:9)
  A hobgoblin skeleton (D:9)
  4 hobgoblin zombies (D:9)
  6 kobolds
  17 orc zombies (D:9)
  4 rats
267 creatures vanquished.

Vanquished Creatures (others)
  A kobold demonologist (D:10)
  4 yaks (D:10)
  2 centaurs (D:10)
  A spectral weapon (D:9)
8 creatures vanquished.

Grand Total: 275 creatures vanquished

Notes
Turn   | Place    | Note
-------+----------+-------------------------------------------
     0 | D:1      | Shard1697 the Armataur Fighter began the quest for the Orb.
     0 | D:1      | Reached XP level 1. HP: 19/19 MP: 1/1
    74 | D:1      | Reached skill level 2 in Maces & Flails
   134 | D:1      | Reached XP level 2. HP: 26/26 MP: 2/2
   371 | D:1      | Reached skill level 3 in Maces & Flails
   720 | D:1      | Reached XP level 3. HP: 32/32 MP: 3/3
  1128 | D:2      | Found Feijeuss's Armour Shoppe.
  1449 | D:2      | Reached XP level 4. HP: 33/39 MP: 4/4
  1450 | D:2      | Reached skill level 4 in Maces & Flails
  1761 | D:3      | Identified the +8 dagger of Extinguishment {flame, rPois
                  | rF+ Str+3 SInv}
  2103 | D:4      | Found a hide-covered altar of Uskayaw.
  2105 | D:4      | Found an ornate altar of the Wu Jian Council.
  2190 | D:4      | Reached skill level 5 in Maces & Flails
  2190 | D:4      | Reached XP level 5. HP: 39/44 MP: 5/5
  2278 | D:4      | Noticed a phantom
  2288 | D:4      | Killed a phantom
  2535 | D:4      | Reached skill level 6 in Maces & Flails
  2535 | D:4      | Reached XP level 6. HP: 48/53 MP: 6/6
  2845 | D:5      | Entered Level 5 of the Dungeon
  2889 | D:5      | Reached XP level 7. HP: 51/62 MP: 7/7
  2985 | D:5      | Reached skill level 7 in Maces & Flails
  3110 | D:5      | Reached skill level 5 in Fighting
  3147 | D:5      | Reached XP level 8. HP: 29/72 MP: 8/8
  3486 | D:5      | Found a runed translucent door.
  3487 | D:5      | Noticed Crazy Yiuf
  3496 | D:5      | Killed Crazy Yiuf
  3744 | D:5      | Reached skill level 8 in Maces & Flails
  5115 | D:7      | Reached XP level 9. HP: 83/83 MP: 9/9
  5175 | D:7      | Reached skill level 9 in Maces & Flails
  5255 | D:7      | Noticed Maggie
  5263 | D:7      | Killed Maggie
  5329 | D:7      | Found a staircase to the Ecumenical Temple.
  5335 | Temple   | Entered the Ecumenical Temple
  5341 | Temple   | Became a worshipper of Makhleb the Destroyer
  5446 | D:7      | Reached skill level 5 in Shields
  5683 | D:7      | Noticed Duvessa
  5684 | D:7      | Noticed Dowan
  5691 | D:7      | Killed Dowan
  5694 | D:7      | Killed Duvessa
  5830 | D:7      | You fall into a shaft and drop 1 floor!
  6212 | D:8      | Reached XP level 10. HP: 87/94 MP: 10/10
  6229 | D:8      | Reached * piety under Makhleb
  6339 | D:8      | Found Fysos's Distillery.
  6342 | D:8      | Bought a potion of invisibility for 88 gold pieces
  6342 | D:8      | Bought a potion of magic for 88 gold pieces
  6342 | D:8      | Bought a potion of cancellation for 88 gold pieces
  6342 | D:8      | Bought a potion of might for 44 gold pieces
  6461 | D:8      | Reached skill level 10 in Maces & Flails
  6716 | D:9      | Noticed a two-headed ogre
  6724 | D:9      | Killed a two-headed ogre
  6796 | D:9      | Reached skill level 1 in Invocations
  6882 | D:9      | Identified the +8 rapier of Valour {freeze, Int+2}
  6991 | D:9      | Found a sparkling altar of Nemelex Xobeh.
  7075 | D:9      | Noticed Pikel
  7080 | D:9      | Killed Pikel
  7183 | D:9      | Found a staircase to the Orcish Mines.
  7190 | D:9      | Reached ** piety under Makhleb
  7335 | D:9      | Reached XP level 11. HP: 76/103 MP: 13/13
  7419 | D:9      | Found a staircase to the Lair.
  7460 | D:9      | Noticed Gastronok
  7476 | D:9      | Killed Gastronok
  7477 | D:9      | Reached skill level 11 in Maces & Flails
  7607 | D:9      | Found a radiant altar of Vehumet.
  7771 | D:10     | Entered Level 10 of the Dungeon
  7996 | D:10     | Found a shimmering altar of Xom.
  8846 | D:11     | Noticed a tengu warrior
  8862 | D:11     | Killed a tengu warrior
  8863 | D:11     | Reached skill level 10 in Fighting
  8958 | D:11     | Reached *** piety under Makhleb
  9045 | D:11     | Found a corrupted altar of Lugonu.
  9053 | D:11     | Noticed a soul eater
  9069 | D:11     | Reached skill level 5 in Invocations
  9106 | D:11     | Found a runed translucent door.
  9107 | D:11     | Noticed innerfire43's ghost (journeyman DsMo)
  9236 | D:11     | Mangled by an enormous slime creature

Illustrated notes

Levels and vault maps discovered:
D:1:      dpeg_arrival_houses_and_road, layout_basic
D:2:      layout_loops_cross, serial_shops, shop, minmay_misc_feat_four_crosses,
          serial_bayou_pond_a
D:3:      layout_rooms
D:4:      layout_loops_ring, mainiacjoe_overflow_catwalk_spiral
D:5:      layout_basic, serial_park_tiny_pond, reono_crystal_passage,
          uniq_crazy_yiuf_cottage
D:6:      layout_basic
D:7:      layout_basic, temple_green, kennysheep_generic_room_12, uniq_maggie,
          uniq_duvessa
D:8:      layout_loops_ring, serial_shops, nicolae_shop_tiny_real_fake_doors
D:9:      layout_irregular_city, vehumet_statue, nemelex_altar_shiori,
          grunt_lair_entry_orc_guard_hut, zombieorc2_lemuel, uniq_gastronok,
          uniq_pikel
D:10:     layout_basic, xom_confusion_cloud, nicolae_elevator_lobby_asterisk
D:11:     kennysheep_kobold_lugonu_temple, layout_layer_cave,
          gammafunk_ghost_grave, uniq_sonja
Temple:   sentei_temple_godly_chess

Skill      XL: |  1  2  3  4  5  6  7  8  9 10 11 |
---------------+----------------------------------+-----
Maces & Flails | 2 3 5 6 7 8 9 10 11 | 11.5
Fighting       | 3 5 6 8 9 10 | 10.2
Shields        | 6 8 9 |  9.6
Invocations    | 3 5 |  5.2
Armour         | |  3.6

Action                     |  1- 3 |  4- 6 |  7- 9 | 10-12 || total
---------------------------+-------+-------+-------+-------++-------
  Melee: Flail             |   138 |    32 |   189 |   258 ||   617
         Tailslap          |    11 |    12 |    33 |    36 ||    92
         Dagger            |       |    91 |    56 |       ||   147
  Throw: Dart              |       |     1 |       |       ||     1
  Evoke: Wand              |       |       |       |     3 ||     3
    Use: Scroll            |       |     8 |     8 |     4 ||    20
   Stab: Distracted        |       |       |     1 |     4 ||     5
 Armour: Scale mail        |    80 |    49 |    68 |       ||   197
         Swamp dragon scal |       |       |    18 |   100 ||   118
  Dodge: Dodged            |    62 |    39 |    64 |   124 ||   289
  Block: Buckler           |    34 |    24 |    48 |    85 ||   191

Table legend: (Time is in decaauts)
 A = Elapsed time spent in this place.
 B = Non-inter-level travel time spent in this place.
 C = Inter-level travel time spent in this place.
 D = Time resting spent in this place.
 E = Time spent auto-exploring this place.
 F = Levels seen in this place.
 G = Mean time per level.
                   A        B        C        D        E       F      G
               +--------+--------+--------+--------+--------+-----+--------+
         Total |   9255 |   9126 |    129 |   1090 |   6118 |  12 |  771.2 |
       Dungeon |   9243 |   9114 |    129 |   1090 |   6118 |  11 |  840.3 |
        Temple |     12 |     12 |      0 |      0 |      0 |   1 |   12.0 |
               +--------+--------+--------+--------+--------+-----+--------+

Top non-repeatable levels by time:
     D:5: 1593 daAuts
    D:10: 1053 daAuts
     D:9: 1041 daAuts
     D:1: 946 daAuts
     D:8: 816 daAuts
     D:7: 782 daAuts
     D:4: 688 daAuts
     D:2: 665 daAuts
     D:6: 662 daAuts
     D:3: 595 daAuts
    D:11: 396 daAuts
  Temple: 12 daAuts
